 Dungeon Crawl Stone Soup version 0.31-a0-981-geadf994542 (webtiles) character file.

Game seed: 236439587690830627

2086765 RepoMan the Featherweight Champion (level 27, 184/184 HPs)
             Began as a Kobold Cinder Acolyte on Oct 31, 2023.
             Was a High Priest of Wu Jian.
             Escaped with the Orb
             ... and 4 runes on Nov 1, 2023!
             The game lasted 08:40:27 (86141 turns).

RepoMan the Featherweight Champion (KoCA)          Turns: 86141, Time: 08:40:28

Health: 184/184    AC: 21    Str: 17    XL:     27
Magic:  27/27      EV: 38    Int: 22    God:    Wu Jian [*****.]
Gold:   4805       SH: 16    Dex: 23    Spells: 19/32 levels left

rFire   + + +        w - +7 dagger of Winter {elec, rPois Will+}
rCold   + . .        W - +2 kite shield {rC+}
rNeg    + + +        A - +3 scale mail of Vehumet, Building {Fly rF+ Int+4}
rPois   ∞            r - +2 hat
rElec   +            l - scarf {shadows}
rCorr   .            N - +5 pair of gloves of the Soldier {rElec Slay+3}
SInv    .            j - +2 pair of boots
Will    ++++.        R - amulet "Diur" {Spirit Regen+ Dex+7 Slay+2}
Stlth   ++           n - ring of Cowardice {rElec rF+++ rC- rN++ EV+5}
HPRegen 1.30/turn    I - +5 ring of evasion
MPRegen 0.20/turn

%: guardian spirit
@: death-form, flying, studying 2 skills
A: vile attack, torment immunity, no potions, small, no large weapons,
nightstalker 3
0: Orb of Zot
}: 4/15 runes: decaying, slimy, silver, gossamer
a: Siphon Essence, Begin Untransformation, Renounce Religion, Wall Jump,
Serpent's Lash, Heavenly Storm


You escaped.
You worshipped Wu Jian.
Wu Jian was extremely pleased with you.
You were an undying horror.
You visited 12 branches of the dungeon, and saw 56 of its levels.
You also visited: Ossuary, Bailey, Ice Cave, Wizlab and Desolation.

You collected 9518 gold pieces.
You spent 4713 gold pieces at shops.

Inventory:

Hand Weapons
 w - the +7 dagger of Winter (weapon) {elec, rPois Will+}
   (You bought it in a shop on level 3 of the Depths)

   rPois:     It protects you from poison Will+: It increases your willpower.
Missiles
 o - 17 curare-tipped darts
 s - 2 throwing nets
Armour
 f - a +0 cloak of cold resistance
 j - a +2 pair of boots (worn)
 l - a scarf of shadows (worn)
 r - a +2 hat (worn)
 z - an orb of guile
 A - the +3 scale mail of Vehumet, Building (worn) {Fly rF+ Int+4}
   (You found it in the Desolation of Salt)

   Int+4:     It affects your intelligence (+4).
   rF+:       It protects you from fire.
   Fly:       It grants you flight.
 N - the +5 pair of gloves of the Soldier (worn) {rElec Slay+3}
   (You took it off Nikola on level 1 of the Depths)

   Slay+3:    It affects your accuracy & damage with ranged weapons and melee
   (+3).
   rElec:     It insulates you from electricity.
 W - a +2 kite shield of cold resistance (worn)
Jewellery
 h - the ring "Vuvudwoh" {Will++ Dex-2 SInv}
   (You found it in the Desolation of Salt)

   [ring of see invisible]

   Dex-2:     It affects your dexterity (-2).
   Will++:    It greatly increases your willpower.
   SInv:      It lets you see invisible.
 n - the ring of Cowardice (left hand) {rElec rF+++ rC- rN++ EV+5}
   (You took it off a deep elf demonologist on level 5 of the Vaults)

   [ring of evasion]

   EV+5:      It affects your evasion (+5).
   rF+++:     It renders you almost immune to fire.
   rC-:       It makes you vulnerable to cold.
   rElec:     It insulates you from electricity.
   rN++:      It greatly protects you from negative energy.
 t - the ring of Ritayn {rCorr MP+9 Str+2}
   (You bought it in a shop on level 2 of the Orcish Mines)

   [ring of magical power]

   Str+2:     It affects your strength (+2).
   MP+9:      It affects your magic capacity (+9).
   rCorr:     It protects you from acid and corrosion.
 x - the ring of Xuniginiom {rElec rC+ Int+3 SInv}
   (You acquired it on level 3 of the Depths)

   [ring of see invisible]

   Int+3:     It affects your intelligence (+3).
   rC+:       It protects you from cold.
   rElec:     It insulates you from electricity.
   SInv:      It lets you see invisible.
 B - the amulet of Recklessness {RegenMP rC+ Str+2}
   (You found it on level 5 of the Vaults)

   [amulet of magic regeneration]

   RegenMP:   It increases your rate of magic regeneration.
   Str+2:     It affects your strength (+2).
   rC+:       It protects you from cold.
 I - a +5 ring of evasion (right hand)
 R - the amulet "Diur" (around neck) {Spirit Regen+ Dex+7 Slay+2}
   (You acquired it on level 2 of the Orcish Mines)

   [amulet of guardian spirit]

   Spirit:    It causes incoming damage to be divided between your reserves of
   health and magic.
   Dex+7:     It affects your dexterity (+7).
   Slay+2:    It affects your accuracy & damage with ranged weapons and melee
   (+2).
   Regen+:    It increases your rate of health regeneration.
 Y - the amulet of Vitality {RegenMP++ Regen++}
   (You took it off a mummy priest on level 2 of the Crypt)

   [amulet of magic regeneration]

   RegenMP:   It increases your rate of magic regeneration.
   Regen++:   It increases your rate of health regeneration.
Talismans
 a - a granite talisman
 m - a storm talisman
 K - a talisman of death (active)
 Z - a dragon-blood talisman
Wands
 y - a wand of digging (1)
 S - a wand of roots (65)
 X - a wand of quicksilver (24)
Scrolls
 c - 7 scrolls of revelation
 d - 16 scrolls of teleportation
 e - 9 scrolls of fog
 i - 4 scrolls of fear
 q - 11 scrolls of immolation
 C - 5 scrolls of silence
 D - 11 scrolls of enchant weapon
 G - 4 scrolls of enchant armour
 L - a scroll of blinking
 M - 6 scrolls of vulnerability
 P - 12 scrolls of poison
Potions
 b - 5 potions of resistance
 g - 6 potions of haste
 k - 4 potions of enlightenment
 p - 10 potions of mutation
 u - 10 potions of curing
 v - a potion of invisibility
 F - a potion of brilliance
 J - 11 potions of ambrosia
 Q - 5 potions of magic
 T - 8 potions of cancellation
 U - 10 potions of heal wounds
 V - 4 potions of might
Miscellaneous
 E - a phantom mirror


   Skills:
 + Level 22.2 Fighting
 - Level 13.3 Short Blades
 - Level 3.3 Armour
 + Level 22.4 Dodging
 - Level 14.4 Stealth
 + Level 11.4 Shields
 O Level 27 Unarmed Combat
 - Level 3.3 Spellcasting
 - Level 13.3 Hexes
 - Level 5.5 Translocations
 - Level 3.0 Fire Magic
 - Level 24.4 Shapeshifting


You had 19 spell levels left.
You knew the following spells:

 Your Spells              Type           Power      Damage    Failure   Level
b - Blink                 Tloc           54%        N/A       13%         2
f - Dazzling Flash        Conj/Hex       64%        N/A       16%         3
g - Apportation           Tloc           54%        N/A       9%          1
l - Lesser Beckoning      Tloc           54%        N/A       13%         2
p - Passwall              Tmut/Erth      2%         N/A       77%         2
t - Confusing Touch       Hex            58%        N/A       1%          3

Your spell library contained the following spells:

 Spells                   Type           Power      Damage    Failure   Level
 Jinxbite                 Hex            100%       N/A       1%          2
 Cause Fear               Hex            29%        N/A       3%          4
 Ensorcelled Hibernation  Hex/Ice        64%        N/A       8%          2
 Inner Flame              Hex/Fire       39%        N/A       9%          3
 Summon Guardian Golem    Hex/Summ       32%        N/A       16%         3
 Gell's Gravitas          Tloc           27%        N/A       26%         3
 Teleport Other           Tloc           27%        N/A       26%         3
 Scorch                   Fire           32%        2d6       34%         2
 Momentum Strike          Conj/Tloc      30%        3d8       36%         2
 Volatile Blastmotes      Fire/Tloc      44%        2d13      38%         3
 Foxfire                  Conj/Fire      40%        2x1d6     41%         1
 Anguish                  Hex/Necr       16%        N/A       45%         4
 Leda's Liquefaction      Hex/Erth       16%        N/A       45%         4
 Freeze                   Ice            12%        1d3       63%         1
 Kiss of Death            Conj/Necr      12%        2d6       63%         1
 Magic Dart               Conj           12%        1d3       63%         1
 Necrotise                Necr           12%        1d4       63%         1
 Shock                    Conj/Air       12%        1d3       63%         1
 Sting                    Tmut/Pois      12%        1d3       63%         1
 Summon Small Mammal      Summ           12%        N/A       63%         1
 Manifold Assault         Tloc           27%        N/A       63%         4
 Passage of Golubria      Tloc           27%        N/A       63%         4
 Call Imp                 Summ           6%         N/A       77%         2
 Cigotuvi's Dreadful Rot  Necr/Pois/Air  6%         N/A       77%         2
 Poisonous Vapours        Pois/Air       6%         N/A       77%         2
 Static Discharge         Conj/Air       6%         3-4/arc   77%         2
 Silence                  Hex/Air        16%        N/A       82%         5
 Summon Mana Viper        Hex/Summ       32%        N/A       82%         5
 Ignite Poison            Fire/Tmut/Pois 8%         N/A       85%         3
 Call Canine Familiar     Summ           3%         N/A       94%         3
 Frozen Ramparts          Ice            6%         1d1       94%         3
 Hailstorm                Conj/Ice       3%         3d3       94%         3
 Mephitic Cloud           Conj/Pois/Air  3%         N/A       94%         3
 Stone Arrow              Conj/Erth      6%         3d7       94%         3
 Swiftness                Air            3%         N/A       94%         3
 Vampiric Draining        Necr           3%         2d6       94%         3
 Vhi's Electric Charge    Tloc/Air       30%        N/A       95%         4
 Enfeeble                 Hex            29%        N/A       96%         7
 Flame Wave               Conj/Fire      10%        2d6       99%         4
 Sticky Flame             Conj/Fire      10%        2d3       99%         4
 Airstrike                Air            1%         2d(1-17)  100%        4
 Animate Armour           Summ/Erth      6%         N/A       100%        4
 Animate Dead             Necr           3%         N/A       100%        4
 Brom's Barrelling Bould  Conj/Erth      3%         2d3       100%        4
 Dispel Undead            Necr           3%         3d7       100%        4
 Olgreb's Toxic Radiance  Pois           3%         N/A       100%        4
 Summon Ice Beast         Ice/Summ       3%         N/A       100%        4
 Summon Lightning Spire   Summ/Air       3%         N/A       100%        4
 Agony                    Necr           3%         N/A       100%        5
 Arcjolt                  Conj/Air       1%         1d11      100%        5
 Borgnjor's Vile Clutch   Necr/Erth      1%         N/A       100%        5
 Fireball                 Conj/Fire      5%         3d5       100%        5
 Iskenderun's Battlesphe  Conj           3%         2d6       100%        5
 Lee's Rapid Deconstruct  Erth           1%         3d4*      100%        5
 Summon Forest            Summ/Tloc      7%         N/A       100%        5
 Conjure Ball Lightning   Conj/Air       1%         3x3d6     100%        6
 Death Channel            Necr           1%         N/A       100%        6
 Eringya's Noxious Bog    Tmut/Pois      1%         4d6       100%        6
 Plasma Beam              Fire/Air       5%         2x1d15    100%        6
 Simulacrum               Ice/Necr       1%         N/A       100%        6
 Starburst                Conj/Fire      5%         6d4       100%        6
 Summon Cactus Giant      Summ           1%         N/A       100%        6
 Haunt                    Necr/Summ      1%         N/A       100%        7
 Monstrous Menagerie      Summ           1%         N/A       100%        7
 Orb of Destruction       Conj           1%         9d5       100%        7
 Spellforged Servitor     Conj/Summ      1%         N/A       100%        7
 Summon Hydra             Summ           1%         N/A       100%        7
 Borgnjor's Revivificati  Necr           1%         N/A       100%        8
 Ignition                 Fire           8%         3d5       100%        8
 Infestation              Necr           1%         N/A       100%        8
 Lehudib's Crystal Spear  Conj/Erth      1%         10d2      100%        8
 Maxwell's Capacitive Co  Air            1%         ∞         100%        8
 Death's Door             Necr           1%         N/A       100%        9


Dungeon Overview and Level Annotations

Branches:
Dungeon (15/15)            Temple (1/1) D:4            Lair (5/5) D:8
  Swamp (4/4) Lair:3       Spider (4/4) Lair:2        Slime (5/5) Lair:5
    Orc (2/2) D:10            Elf (3/3) Orc:2        Vaults (5/5) D:13
  Crypt (3/3) Vaults:2       Tomb (0/3) Crypt:3      Depths (4/4) D:15
    Zot (5/5) Depths:4    Ossuary (visited)          Bailey (visited)
  IceCv (visited)          WizLab (visited)         Desolation (visited)

Altars:
Ashenzari
Cheibriados
Dithmenos
Elyvilon
Fedhas
Gozag
Hepliaklqana
Kikubaaqudgha
Makhleb
Nemelex Xobeh
Okawaru
Qazlal
Ru
Sif Muna
Trog
Uskayaw
Vehumet
Wu Jian
Xom
Yredelemnul
Zin
The Shining One
Jiyva

Shops:
D:4 :=   D:6 !   D:10 ?   D:11 :   D:14 (   Orc:2 *[(**   Elf:3 ??[
Vaults:3 (   Depths:1 *=:=   Depths:3 (([[

Portals:
Hell: Depths:1 Depths:2 Depths:3 Depths:4
Abyss: Depths:1 Depths:3
Pandemonium: Depths:1 Depths:2
Ziggurat: Depths:2
Trove: Depths:1 (give 13 potions of heal wounds)

Annotations:
D:4 1 runed translucent door, Crazy Yiuf
D:5 2 transporters, Pascal76's ghost, amateur DrGl
D:9 2 runed translucent doors
D:10 1 runed translucent door, Zlot's ghost, novice DsBe
D:14 3 runed translucent doors, kal9871's ghost, adept OpSh
Swamp:4 exclusion: oklob plant
Elf:1 1 runed translucent door
Depths:2 1 runed translucent door
Zot:5 6 transporters


Innate Abilities, Weirdness & Mutations

You are an undying horror.
Your melee and unarmed attacks drain, slow and weaken victims.
You are immune to unholy pain and torment.
You cannot drink.
You are immune to poison.
You are small and have problems with some larger weapons.
You are completely attuned to the shadows.


Message History

The sun demon is severely wounded.
The sun demon hits you but does no damage.
You hit the sun demon.
The sun demon decays.
The sun demon is severely wounded.
You spin and attack the sun demon.
You pummel the sun demon!!
You kill the sun demon!
The Council accepts your kill.
What level of the Dungeon? (default 3, ? - help)
Things that are here:
a +0 demon whip of electrocution; a +0 club; a +0 sling
There is a stone staircase leading up here.
You fly upwards.
There is a stone staircase leading down here.
There is a stone staircase leading up here.
You fly upwards.
There is a stone staircase leading down here.
An Orb Guardian comes into view.
You lunge at the Orb Guardian, in a flurry of attacks.
You hit the Orb Guardian.
The Orb Guardian decays.
You drain the Orb Guardian.
The Orb Guardian is lightly wounded.
You pound the Orb Guardian into fine dust!!!
The Orb Guardian decays.
The Orb Guardian is heavily wounded.
The Orb Guardian misses you.
You spin and attack the Orb Guardian repeatedly.
You pummel the Orb Guardian!!
The Orb Guardian decays.
You drain the Orb Guardian.
You kill the Orb Guardian!
The Council accepts your kill.
Blink to where?
Press: ? - help, Dir - move target
As you read the scroll of blinking, it crumbles to dust.
As you read the scroll of summoning, it crumbles to dust.
Wisps of shadow whirl around you...
As you read the scroll of summoning, it crumbles to dust.
Wisps of shadow whirl around you...
Okay, then.
You hear the crackle of electricity.
w - the +7 dagger of Winter (weapon)
{elec, rPois Will+} You have escaped!

#...##..............## ##..#.
#.#..####......#.....## ##...#.
#.##....#.....###.....####......
#.#####......#####.....##.....>#
#.# ##.....#.....#.......#...##
##.# ##.....###...###.....##...#
##.###.....#####.#####.....#...#
...##.....#....JSb....#........#
##.......###....z....###.....#.#
.>...[..#####....b..#####....#.#
...#...#.....#.....#.....#...#.#
...#..###...###...###...###..#.#
.).#.#####.#####.#####.#####.#.#
...#.........................#.#
...##...###..###.####......###†#
)######..##.###..# #......##..##
## ##..#.###.#####...........#


You could see a friendly endoplasm (summoned), 2 friendly bats and a friendly
ball python (summoned).

Vanquished Creatures
  the Royal Jelly (Slime:5)
  3 dread liches
  Khufu (Crypt:2)
  5 orbs of fire
  7 ancient liches
  2 juggernauts
  Josephina (Crypt:2)
  2 royal mummies (Crypt:2)
  Margery (Depths:1)
  Bai Suzhen (Vaults:2)
  4 Killer Klowns
  Saint Roka (Vaults:1)
  2 curse toes
  Frederick (Vaults:2)
  Vv (Crypt:3)
  6 caustic shrikes
  Xtahua (Crypt:1)
  Nikola (Depths:1)
  8 golden dragons
  Norris (Vaults:1)
  A profane servitor (Crypt:3)
  3 bone dragons
  A Brimstone Fiend (D:14)
  3 doom hounds (Crypt:2)
  A Tzitzimitl (D:9)
  5 electric golems
  Grunn (Crypt:2)
  5 liches
  Zenata (Crypt:3)
  An Ice Fiend (Zot:5)
  26 Orb Guardians
  30 tentacled monstrosities
  16 acid blobs
  2 walking frostbound tomes (Depths:3)
  7 titans
  8 quicksilver dragons
  Asterion (Vaults:2)
  2 deep elf master archers (Elf:3)
  A walking divine tome (Depths:3)
  A deep elf blademaster (Elf:3)
  8 sphinxes
  A thorn hunter (Swamp:3)
  An ancient champion (Crypt:2)
  13 death cobs
  12 shadow dragons
  An Executioner (D:6)
  9 tengu reavers
  Donald (Vaults:1)
  3 draconian monks
  16 fire giants
  21 storm dragons
  A fenstrider witch (Swamp:1)
  4 draconian knights
  3 revenants
  3 imperial myrmidons (Desolation)
  5 azure jellies (Slime:5)
  3 emperor scorpions
  12 deep elf sorcerers
  8 rockslimes
  5 frost giants
  2 iron dragons (Depths:3)
  A balrug (D:3)
  4 draconian scorchers (Zot:3)
  3 orc warlords
  A caustic shrike zombie (Crypt:3)
  5 ghost moths
  22 vault wardens
  2 draconian stormcallers
  10 draconian shifters
  3 curse skulls
  21 ghouls
  A spriggan defender (Depths:2)
  2 deep elf elementalists (Elf:3)
  6 draconian annihilators
  14 ironbound preservers
  A reaper (Crypt:2)
  7 quicksilver oozes (Slime:5)
  4 formless jellyfish
  9 ironbound thunderhulks
  A broodmother (Spider:1)
  6 deep elf demonologists
  11 very ugly things
  4 vampire knights
  4 war gargoyles
  16 stone giants
  5 eleionomae
  3 halazid warlocks (Desolation)
  A hydra skeleton (Swamp:4)
  9 black draconians
  10 green draconians
  4 bunyips
  7 deep elf annihilators
  4 dire elephants (Vaults:2)
  6 white draconians
  16 purple draconians
  16 spark wasps
  17 red draconians
  10 yellow draconians
  3 mummy priests
  Snorg (D:12)
  8 deep elf death magi
  16 ettins
  10 eidola
  An ettin (shapeshifter) (Vaults:5)
  2 entropy weavers
  6 deep elf high priests
  3 jiangshi
  9 ragged hierophants (Desolation)
  2 crystal guardians
  6 fire dragons
  3 shambling mangroves
  A caustic shrike simulacrum (Crypt:2)
  3 rakshasas
  2 spriggan zombies
  15 yaktaur captains
  6 ice dragons
  Fannar (D:11)
  5 servants of whispers (Desolation)
  9 peacekeepers
  7 great orbs of eyes
  13 hydras
  Erolcha (D:10)
  A ghost crab (Swamp:2)
  30 vault guards
  14 centaur warriors
  A hell beast (Depths:2)
  2 spriggan air magi (Depths:3)
  A jorogumo (Spider:3)
  11 ironbound frosthearts
  6 alligators
  4 death knights
  A radroach (Spider:4)
  A satyr (shapeshifter) (Vaults:5)
  Erica (D:10)
  An anaconda (Lair:5)
  7 deep troll shamans
  31 dancing weapons
  A two-headed ogre (shapeshifter) (Depths:1)
  9 tengu warriors
  A spriggan skeleton (Crypt:2)
  7 boulder beetles
  11 deep troll earth magi
  3 two-headed ogres
  3 demonic crawlers
  2 occultists
  2 titan zombies (Crypt:3)
  4 orc high priests
  4 vampire magi
  11 deep elf knights
  6 spriggan berserkers
  2 sun demons (D:3)
  15 iron trolls
  5 hell knights
  7 skysharks
  A soul eater (Crypt:1)
  A sixfirhy (Depths:2)
  A sun moth (Spider:1)
  17 skeletal warriors
  55 deep trolls
  Lodul (D:10)
  2 anaconda zombies (Crypt:3)
  A ghost moth zombie (Crypt:1)
  A death drake (shapeshifter) (Depths:1)
  2 glowing orange brains (Depths:4)
  5 goliath frogs
  4 pharaoh ants
  8 flayed ghosts
  4 spriggan druids
  A golden dragon zombie (Crypt:2)
  6 arcanists
  8 deep elf archers
  A glowing orange brain (shapeshifter) (Vaults:2)
  8 swamp dragons
  8 orb spiders
  5 lindwurms
  A deep troll (shapeshifter) (D:14)
  7 bog bodies
  5 steelbarb worms
  3 spectral hydras (Swamp:4)
  21 ironbound convokers
  6 necromancers
  A harpy (Vaults:1)
  6 mana vipers (Depths:2)
  22 deep elf zephyrmancers
  A wolf spider zombie (Crypt:1)
  25 phantasmal warriors
  28 deep elf pyromancers
  A jorogumo zombie (Crypt:1)
  16 wolf spiders
  18 orc knights
  22 ugly things
  3 manticores
  6 orc sorcerers
  2 oklob plants (Swamp:4)
  4 shining eyes
  2 cyclopes
  2 stone giant zombies (Crypt:3)
  A shadow dragon skeleton (Crypt:2)
  42 moths of wrath
  A salamander (WizLab)
  13 black mambas
  2 moths of wrath (shapeshifter)
  2 smoke demons
  19 vault sentinels
  A stone giant skeleton (Crypt:2)
  An elephant (Lair:5)
  A formless jellyfish zombie (Crypt:1)
  A dire elephant zombie (Crypt:3)
  An elephant (shapeshifter) (Depths:2)
  3 guardian serpents
  3 molten gargoyles (WizLab)
  15 cane toads
  An eye of devastation (Slime:5)
  7 torpor snails
  A dire elephant skeleton (Crypt:2)
  10 gargoyles
  3 rime drakes
  7 freezing wraiths
  An iron troll zombie (Crypt:1)
  10 komodo dragons
  A kobold demonologist (D:13)
  3 tengu conjurers
  37 yaktaurs
  An anaconda simulacrum (IceCv)
  2 efreet
  A hydra zombie (Crypt:3)
  A yaktaur skeleton (Vaults:1)
  4 guardian mummies
  A pale draconian skeleton (Crypt:2)
  4 harpy zombies (Crypt:3)
  2 death drake zombies (Swamp:4)
  A tengu simulacrum (Vaults:1)
  7 hellwings
  10 trolls
  A queen bee (shapeshifter) (Elf:1)
  2 trolls (shapeshifter)
  A bloated husk (Swamp:1)
  48 saltlings (Desolation)
  A polar bear (Lair:2)
  21 tarantellas
  6 tyrant leeches
  15 hornets
  7 dream sheep (Lair:5)
  An ettin zombie (Crypt:3)
  21 blink frogs
  16 jumping spiders
  A centaur simulacrum (D:11)
  9 flying skulls (Crypt:1)
  A slime creature (shapeshifter) (Vaults:5)
  103 slime creatures
  18 culicivoras
  2 vampires
  2 air elementals
  68 yaks
  A culicivora (shapeshifter) (D:10)
  8 wraiths
  2 dire elephant simulacra (IceCv)
  A black mamba zombie (Crypt:2)
  4 spriggans
  3 water elementals
  23 fire elementals
  9 wyverns
  An ushabti (Crypt:3)
  2 basilisks
  A human (D:13)
  2 golden eyes (Slime:3)
  5 vampire mosquitoes
  44 redbacks
  A chaos spawn (Zot:4)
  2 naga zombies
  3 steam dragons
  13 swamp worms
  Menkaure (Ossuary)
  An acid dragon (D:11)
  4 harpy simulacra
  3 wargs
  An acid dragon (shapeshifter) (D:15)
  A faun skeleton (Crypt:2)
  25 water moccasins
  A cane toad zombie (Crypt:2)
  A water nymph zombie (Crypt:2)
  Duvessa (D:7)
  2 hydra simulacra (Swamp:4)
  31 orc warriors
  4 swamp dragon zombies (Swamp:4)
  2 sky beasts
  3 swamp drakes
  4 ice beasts (D:8)
  12 ogres
  23 centaurs
  3 phantoms
  2 swamp dragon skeletons (Swamp:4)
  10 wolves
  An elf zombie (Ossuary)
  12 bullfrogs
  4 kobold brigands
  14 necrophages
  4 gnoll sergeants
  6 scorpions
  3 two-headed ogre simulacra (IceCv)
  A cane toad simulacrum (IceCv)
  5 earth elementals
  5 wights (D:10)
  7 wyvern skeletons (Crypt:3)
  A troll zombie (Ossuary)
  Dowan (D:7)
  An elephant simulacrum (IceCv)
  A killer bee (D:10)
  A raiju skeleton (Crypt:2)
  A shapeshifter skeleton (Crypt:1)
  7 electric eels
  A human simulacrum (Vaults:1)
  A wolf zombie (Crypt:1)
  9 centaur zombies
  A lava snake (Lair:1)
  4 jellies
  16 orc priests
  2 hounds
  3 gnoll boudas
  A human zombie (Ossuary)
  A basilisk skeleton (Crypt:2)
  2 centaur skeletons
  2 iguanas
  34 orc wizards
  2 lightning spires (WizLab)
  3 polar bear simulacra (IceCv)
  3 spriggan simulacra (IceCv)
  7 troll simulacra (IceCv)
  A wolf simulacrum (IceCv)
  An ogre zombie (Ossuary)
  8 mummies
  9 adders
  19 gnolls
  7 naga simulacra
  A shadow imp (D:5)
  11 white imps
  A howler monkey simulacrum (D:10)
  4 ufetubi
  8 adder zombies (Ossuary)
  2 worms
  A dart slug (D:3)
  94 orcs
  4 endoplasms
  4 giant cockroaches
  9 goblins
  3 hobgoblins
  2 quokkas (D:4)
  11 ball pythons
  6 bats
  3 frilled lizards
  A gnoll zombie (Ossuary)
  5 goblin zombies
  A hobgoblin zombie (Ossuary)
  32 kobolds
  3 kobold zombies (Ossuary)
  An orc zombie (Ossuary)
  A quokka zombie (Ossuary)
  4 rats
  5 rat zombies
  A spectral weapon (Zot:5)
2499 creatures vanquished.

Vanquished Creatures (collateral kills)
  A thorn hunter (Swamp:4)
  An ironbound preserver (Vaults:3)
  A shambling mangrove (Swamp:4)
  A peacekeeper (Desolation)
  2 hydras (Lair:5)
  2 alligators (Swamp:2)
  A dancing weapon (Elf:2)
  A spriggan berserker (Swamp:3)
  A spriggan druid (Swamp:4)
  A bog body (Swamp:3)
  A deep elf zephyrmancer (Elf:3)
  A manticore (D:13)
  Joseph (D:8)
  2 saltlings (Desolation)
  A hornet (Swamp:2)
  A blink frog (Lair:5)
  A spriggan (Swamp:2)
  A human (D:13)
  A redback (Spider:3)
  A water moccasin (Lair:5)
  An ice beast (D:8)
  An ogre (D:6)
  A kobold brigand (D:8)
  4 goblins (D:8)
  7 kobolds (D:8)
37 creatures vanquished.

Vanquished Creatures (others)
  A thorn hunter (Swamp:4)
  A black draconian (Zot:3)
  A boulder beetle (D:13)
  3 hornets (Swamp:4)
  A slime creature (D:14)
  A yak (Lair:1)
  A centaur (D:15)
  An orc (D:11)
  A butterfly (Depths:1)
11 creatures vanquished.

Grand Total: 2547 creatures vanquished

Notes
Turn   | Place    | Note
-------+----------+-------------------------------------------
     0 | D:1      | RepoMan the Kobold Cinder Acolyte began the quest for the
                  | Orb.
     0 | D:1      | Reached XP level 1. HP: 14/14 MP: 2/2
   163 | D:1      | Reached skill level 1 in Stealth
   163 | D:1      | Reached XP level 2. HP: 19/19 MP: 3/3
   234 | D:1      | Reached skill level 1 in Dodging
   234 | D:1      | Reached XP level 3. HP: 12/23 MP: 4/4
   808 | D:2      | Reached XP level 4. HP: 29/29 MP: 5/5
   842 | D:2      | Reached skill level 5 in Short Blades
  1730 | D:3      | Reached XP level 5. HP: 32/33 MP: 6/6
  2775 | D:4      | Identified the "Xanlof"
  2776 | D:4      | Found a glowing golden altar of the Shining One.
  2807 | D:4      | Reached XP level 6. HP: 35/38 MP: 7/7
  2883 | D:4      | Found a staircase to the Ecumenical Temple.
  2890 | Temple   | Entered the Ecumenical Temple
  3103 | D:4      | Found a runed translucent door.
  3106 | D:4      | Noticed Crazy Yiuf
  3135 | D:4      | Found Eschipeq's Jewellery Emporium.
  3243 | D:4      | Found a sparkling altar of Nemelex Xobeh.
  3371 | D:4      | Found Cyirhona's Book Shop.
  3425 | D:4      | Reached XP level 7. HP: 21/44 MP: 8/8
  3820 | D:5      | Identified the of Yploot
  3820 | D:5      | Entered Level 5 of the Dungeon
  3959 | D:5      | Found a shimmering blue altar of Sif Muna.
  4017 | D:5      | Found an opulent altar of Gozag.
  4094 | D:5      | Found a transporter.
  4124 | D:5      | Reached skill level 5 in Fighting
  4189 | D:5      | Reached skill level 5 in Stealth
  4189 | D:5      | Reached XP level 8. HP: 49/49 MP: 9/9
  4814 | D:5      | Identified the +6 spear of Severance {elec, rElec rN+}
  4814 | D:5      | Identified the +6 ring mail of Fedhas's Supremacy {rN+
                  | Int+3}
  4814 | D:5      | Identified the +1 buckler of Nauhudo {rF+ Str+3}
  4827 | D:5      | Found a transporter.
  5047 | D:5      | Noticed Pascal76's ghost (amateur DrGl)
  5150 | D:6      | Found Qelelad's Distillery.
  5155 | D:6      | Bought a potion of degeneration for 14 gold pieces
  5155 | D:6      | Bought a potion of might for 56 gold pieces
  5155 | D:6      | Bought a potion of curing for 42 gold pieces
  5155 | D:6      | Bought a potion of heal wounds for 70 gold pieces
  5168 | D:6      | Found a sand-covered staircase.
  5188 | Ossuary  | Entered an ossuary
  5563 | Ossuary  | Reached skill level 5 in Dodging
  5874 | Ossuary  | Noticed Menkaure
  5904 | Ossuary  | Killed Menkaure
  5905 | Ossuary  | Reached XP level 9. HP: 27/55 MP: 10/10
  6328 | D:6      | Reached skill level 10 in Short Blades
  6967 | D:7      | Identified the of Hammikk
  6986 | D:7      | Noticed Duvessa
  6987 | D:7      | Noticed Dowan
  6988 | D:7      | Found a shimmering altar of Xom.
  6989 | D:7      | Killed Duvessa
  7001 | D:7      | Killed Dowan
  7323 | D:7      | Found a bloodstained altar of Trog.
  7498 | D:7      | Noticed a troll
  7501 | D:7      | Noticed a hornet
  7503 | D:7      | Killed a troll
  7514 | D:7      | Killed a hornet
  7538 | D:7      | Reached XP level 10. HP: 41/63 MP: 11/11
  7974 | D:7      | Found a basalt altar of Yredelemnul.
  7974 | D:7      | Found an iron altar of Okawaru.
  7974 | D:7      | Found a white marble altar of Elyvilon.
  9193 | D:8      | Found a snail-covered altar of Cheibriados.
  9286 | D:8      | Found a stormy altar of Qazlal.
  9345 | D:8      | Found a staircase to the Lair.
  9345 | D:8      | Noticed a rime drake
  9355 | D:8      | Killed a rime drake
  9554 | D:8      | Found a flagged portal.
  9556 | D:8      | Noticed Joseph
  9563 | D:8      | Reached XP level 11. HP: 48/69 MP: 12/12
  9568 | D:8      | Killed Joseph
  9696 | Bailey   | Entered a bailey
 10147 | Bailey   | Reached skill level 10 in Stealth
 11703 | D:8      | Reached skill level 10 in Fighting
 11989 | D:4      | Bought a book of Touch for 286 gold pieces
 11993 | D:4      | Learned a level 3 spell: Confusing Touch
 12357 | D:9      | Noticed a two-headed ogre
 12368 | D:9      | Killed a two-headed ogre
 12468 | D:9      | Found a hazy altar of Hepliaklqana.
 12664 | D:9      | Found a radiant altar of Vehumet.
 12818 | D:9      | Found a large runed translucent door.
 12818 | D:9      | Found a large runed translucent door.
 13039 | D:10     | Entered Level 10 of the Dungeon
 13055 | D:10     | Found a runed translucent door.
 13055 | D:10     | Found a shimmering altar of Xom.
 13055 | D:10     | Noticed Zlot's ghost (novice DsBe)
 13056 | D:10     | Noticed a +1 flail of chaos
 13062 | D:10     | Noticed Erica
 13063 | D:10     | Noticed Erolcha
 13189 | D:10     | Noticed Lodul
 13261 | D:10     | Found Fuibu's Magic Scroll Shop.
 13266 | D:10     | Bought a scroll of blinking for 120 gold pieces
 13326 | D:10     | Noticed a deep elf pyromancer
 13371 | D:10     | Killed a deep elf pyromancer
 13372 | D:10     | Reached XP level 12. HP: 76/80 MP: 7/13
 13393 | D:10     | Reached skill level 5 in Hexes
 13502 | D:10     | Noticed a skeletal warrior
 13503 | D:10     | Killed a skeletal warrior
 13718 | D:10     | Noticed a two-headed ogre
 13725 | D:10     | Found an ancient bone altar of Kikubaaqudgha.
 13736 | D:10     | Found a glowing silver altar of Zin.
 13745 | D:10     | You fall into a shaft and drop 2 floors!
 13821 | D:11     | Found a frozen archway.
 13838 | IceCv    | Entered an ice cave
 14421 | IceCv    | Reached skill level 10 in Dodging
 15345 | D:11     | Noticed a boulder beetle
 15405 | D:11     | Killed a boulder beetle
 15515 | D:11     | Noticed Fannar
 15521 | D:11     | Killed Fannar
 15554 | D:11     | Found Vutiq's Tremendous Tomes.
 15822 | D:11     | Noticed a boulder beetle
 16005 | D:10     | Reached XP level 13. HP: 88/88 MP: 10/14
 16365 | Lair:1   | Entered Level 1 of the Lair of Beasts
 17973 | Lair:2   | Found a hole to the Spider Nest.
 19520 | Lair:3   | Found a staircase to the Swamp.
 19520 | Lair:3   | Noticed an eleionoma
 19525 | Lair:3   | Killed an eleionoma
 19598 | Lair:3   | You fall into a shaft and drop 1 floor!
 19820 | Lair:4   | Reached skill level 15 in Fighting
 20518 | Lair:3   | Reached XP level 14. HP: 98/98 MP: 15/15
 22228 | Lair:5   | Entered Level 5 of the Lair of Beasts
 22374 | Lair:5   | Found a viscous altar of Jiyva.
 22712 | Lair:5   | Reached skill level 15 in Dodging
 22880 | Lair:5   | Reached skill level 1 in Shields
 22931 | Lair:5   | Paralysed by a hornet for 3 turns
 23906 | Lair:5   | Found a staircase to the Slime Pits.
 23919 | Lair:5   | Reached XP level 15. HP: 104/107 MP: 12/16
 25075 | D:10     | Found a staircase to the Orcish Mines.
 25081 | Orc:1    | Entered Level 1 of the Orcish Mines
 25793 | Orc:2    | Entered Level 2 of the Orcish Mines
 25822 | Orc:2    | Found Ziodah's General Store.
 25828 | Orc:2    | Bought a potion of heal wounds for 70 gold pieces
 26320 | Orc:2    | Found a staircase to the Elven Halls.
 27739 | Orc:2    | Found Kuceuf's General Store.
 27739 | Orc:2    | Found Fefitrup's Assorted Antiques.
 27741 | Orc:2    | Found Ohuapef's Antique Armour Boutique.
 27741 | Orc:2    | Found Doilaehy's Antique Weapon Emporium.
 27755 | Orc:2    | Bought a potion of invisibility for 112 gold pieces
 27755 | Orc:2    | Bought a potion of mutation for 112 gold pieces
 27766 | Orc:2    | Bought a potion of heal wounds for 185 gold pieces
 27766 | Orc:2    | Bought a serpentine copper ring for 185 gold pieces
 27766 | Orc:2    | Identified the ring of Ritayn {rCorr MP+9 Str+2} (You
                  | bought it in a shop on level 2 of the Orcish Mines)
 28122 | D:10     | Killed Lodul
 28400 | D:10     | Killed Erica
 28437 | D:10     | Identified a scroll of acquirement
 28687 | D:10     | Found a blossoming altar of Fedhas.
 28854 | D:10     | Killed Erolcha
 29665 | D:12     | Noticed Snorg
 29669 | D:12     | Killed Snorg
 30264 | D:13     | Reached skill level 5 in Shields
 30393 | D:13     | Reached XP level 16. HP: 116/116 MP: 13/17
 31065 | D:13     | Found a gate to the Vaults.
 31473 | D:13     | Identified the +3 leather armour of the Hart {rF+ SInv}
 31816 | D:14     | Noticed a tengu reaver
 31917 | D:14     | Found a runed translucent gate.
 31919 | D:14     | Found a runed translucent gate.
 31920 | D:14     | Found a runed translucent gate.
 32753 | D:14     | Found Ytupeona's Antique Weapon Shop.
 32968 | D:14     | Noticed kal9871's ghost (adept OpSh)
 33016 | D:15     | Entered Level 15 of the Dungeon
 34219 | D:15     | Found a staircase to the Depths.
 34631 | Orc:2    | Acquired the amulet "Diur" {Spirit Regen+ Dex+7 Slay+2}
 34835 | Spider:1 | Entered Level 1 of the Spider Nest
 35564 | Spider:1 | Reached skill level 10 in Hexes
 35591 | Spider:1 | Reached skill level 1 in Armour
 35690 | Spider:1 | Reached XP level 17. HP: 108/121 MP: 18/18
 36392 | Temple   | Fell from the grace of Ignis
 36392 | Temple   | Became a worshipper of the Wu Jian Council
 37494 | Spider:3 | You fall into a shaft and drop 1 floor!
 37494 | Spider:4 | Entered Level 4 of the Spider Nest
 37779 | Spider:3 | Reached skill level 1 in Shapeshifting
 37779 | Spider:3 | Reached XP level 18. HP: 129/129 MP: 19/19
 37943 | Spider:3 | Reached * piety under Wu Jian
 39151 | Spider:4 | Reached ** piety under Wu Jian
 39373 | Spider:4 | Was forgiven by Ignis
 40147 | Spider:4 | Got a gossamer rune of Zot
 40335 | Swamp:1  | Entered Level 1 of the Swamp
 41146 | Swamp:2  | Reached skill level 5 in Shapeshifting
 41258 | Swamp:2  | Reached XP level 19. HP: 86/134 MP: 18/20
 41356 | Swamp:2  | Reached *** piety under Wu Jian
 43063 | Swamp:4  | Entered Level 4 of the Swamp
 43133 | Swamp:4  | Reached **** piety under Wu Jian
 43959 | Swamp:4  | Reached skill level 10 in Shapeshifting
 44125 | Swamp:4  | Found a basalt altar of Yredelemnul.
 44128 | Swamp:4  | Identified the +12 spear of Causality {spect, rN+ Str+3
                  | Stlth+}
 44134 | Swamp:4  | Got a decaying rune of Zot
 44337 | Swamp:4  | Found a blossoming altar of Fedhas.
 44906 | Vaults:5 | Identified the of Poqavvim
 44906 | Vaults:5 | Identified the "Otez"
 44906 | Vaults:5 | Identified the of Regin
 44906 | Crypt:2  | Identified the of Dirpheby
 44906 | Elf:1    | Entered Level 1 of the Elven Halls
 44906 | Elf:1    | Found a runed translucent gate.
 44906 | Elf:1    | Found a runed translucent gate.
 44906 | Elf:1    | Found a runed translucent gate.
 44906 | Elf:1    | Found a runed translucent gate.
 44906 | Elf:1    | Found a runed translucent gate.
 44906 | Elf:1    | Found a runed translucent gate.
 44932 | Elf:1    | Found a runed translucent door.
 45016 | Elf:1    | Found a runed translucent door.
 45461 | Elf:1    | Learned a level 2 spell: Blink
 45511 | Elf:1    | Paralysed by an air elemental for 1 turns
 45517 | Elf:1    | Paralysed by an air elemental for 1 turns
 45585 | Elf:1    | Reached XP level 20. HP: 140/140 MP: 21/21
 45591 | Elf:1    | Identified the +6 short sword of Karma {freeze, Fly rF+ rN+
                  | Int-5}
 45637 | Elf:1    | Identified the +3 leather armour of the Maze {Will+}
 46294 | Elf:1    | Found the +10 morningstar "Eos" {elec, Halo rElec}
 46571 | Elf:2    | Found a crumbling gateway.
 46576 | Desolati | Entered the Desolation of Salt
 46785 | Desolati | Identified the +8 shortbow of Imbalance {speed, rC+}
 46794 | Desolati | Identified the +3 scale mail of Vehumet, Building {Fly rF+
                  | Int+4}
 46959 | Desolati | Identified the ring "Vuvudwoh" {Will++ Dex-2 SInv}
 47250 | Desolati | Identified the +2 scale mail "Tuypt" {Fly rPois Will-
                  | rCorr}
 47267 | Desolati | Identified the amulet "Zoxtynk" {Acrobat rElec Will+}
 47445 | Desolati | Reached ***** piety under Wu Jian
 48061 | Elf:2    | Reached skill level 15 in Shapeshifting
 48262 | Elf:2    | Found a runed translucent gate.
 48262 | Elf:2    | Found a runed translucent gate.
 48262 | Elf:2    | Found a runed translucent gate.
 48544 | Elf:2    | Reached XP level 21. HP: 83/145 MP: 22/22
 49407 | Elf:3    | Identified the "Nulusmar"
 49407 | Elf:3    | Identified the "Miefum Haso"
 49407 | Elf:3    | Entered Level 3 of the Elven Halls
 49920 | Elf:3    | Found Hihuxerch's Armour Shop.
 49922 | Elf:3    | Found Ebem's Magic Scroll Boutique.
 49924 | Elf:3    | Found Geghuf Hopp's Magic Scroll Shop.
 49927 | Elf:3    | Bought a scroll of fear for 56 gold pieces
 49927 | Elf:3    | Bought a scroll of vulnerability for 56 gold pieces
 49929 | Elf:3    | Bought a scroll of teleportation for 51 gold pieces
 49929 | Elf:3    | Bought a scroll of summoning for 161 gold pieces
 49929 | Elf:3    | Bought a scroll of teleportation for 51 gold pieces
 49948 | Elf:3    | Reached skill level 1 in Unarmed Combat
 50053 | Elf:3    | Reached skill level 2 in Unarmed Combat
 50067 | Elf:3    | Reached skill level 3 in Unarmed Combat
 50742 | Elf:3    | Reached skill level 4 in Unarmed Combat
 50949 | Elf:3    | Reached skill level 5 in Unarmed Combat
 50951 | Elf:3    | HP: 7/145 [poisoned by a +2 trident of venom]
 51937 | Elf:3    | Identified the +3 chain mail of Verdant Mirth {Will++
                  | Stlth-}
 51937 | Elf:3    | Identified the ring of Cuygem {Contam rC+ rN+ Str+4 Int+4}
 51954 | Elf:3    | Reached skill level 6 in Unarmed Combat
 52241 | Elf:3    | Identified the +3 morningstar of Gluttony {spect, MP+9
                  | Str+3 Int+3}
 52255 | Elf:3    | Identified the staff of Tartarus {rElec rN+ Int+3 Necro}
 52256 | Elf:3    | Identified the +10 short sword of Ru {protect, Str+3 Int+2}
 52620 | D:4      | Bought a talisman of death for 960 gold pieces
 52661 | D:4      | Bought a book of Burglary for 260 gold pieces
 52661 | D:4      | Bought a book of the Senses for 416 gold pieces
 52664 | D:4      | Learned a level 2 spell: Passwall
 52668 | D:4      | Learned a level 3 spell: Dazzling Flash
 52671 | D:4      | Learned a level 2 spell: Lesser Beckoning
 52822 | D:10     | Bought a scroll of teleportation for 48 gold pieces
 52822 | D:10     | Bought 2 scrolls of fog for 128 gold pieces
 52822 | D:10     | Bought a scroll of vulnerability for 64 gold pieces
 52822 | D:10     | Bought a scroll of immolation for 64 gold pieces
 52895 | Vaults:1 | Entered Level 1 of the Vaults
 53252 | Vaults:1 | Noticed Donald
 53317 | Vaults:1 | Killed Donald
 54048 | Vaults:1 | Noticed Saint Roka
 54049 | Vaults:1 | Killed Saint Roka
 54193 | Vaults:1 | Reached skill level 1 in Translocations
 54299 | Vaults:1 | Reached XP level 22. HP: 152/152 MP: 26/26
 54664 | Vaults:1 | Noticed Norris
 54833 | Vaults:1 | Killed Norris
 55366 | Vaults:2 | Noticed Bai Suzhen
 55367 | Vaults:2 | Killed Bai Suzhen
 55433 | Vaults:2 | Noticed Asterion
 55434 | Vaults:2 | Killed Asterion
 55573 | Vaults:2 | Noticed Frederick
 55574 | Vaults:2 | Killed Frederick
 55860 | Vaults:2 | Paralysed by a formless jellyfish for 1 turns
 57107 | Vaults:2 | Reached skill level 5 in Translocations
 58101 | Vaults:2 | Found a staircase to the Crypt.
 59271 | Vaults:3 | Identified the +2 robe "Hero's Friend" {rF+ Str+4 Int-3
                  | Stlth+}
 59354 | Vaults:3 | Found Engip's Antique Weapon Shop.
 59463 | Vaults:3 | Reached XP level 23. HP: 156/156 MP: 27/27
 60657 | Vaults:4 | Reached ****** piety under Wu Jian
 61767 | Crypt:1  | Entered Level 1 of the Crypt
 62061 | Crypt:1  | Noticed Xtahua
 62062 | Crypt:1  | Killed Xtahua
 62864 | Crypt:1  | Found a shadowy altar of Dithmenos.
 63849 | Crypt:2  | Noticed Khufu
 63855 | Crypt:2  | Killed Khufu
 63885 | Crypt:2  | Noticed a royal mummy
 64016 | Crypt:2  | Reached XP level 24. HP: 134/162 MP: 24/27
 64326 | Crypt:2  | Noticed an ancient lich
 64327 | Crypt:2  | Killed an ancient lich
 64461 | Crypt:2  | Identified the ring "Ruudec" {Ice rN+ Str+7 Dex-5}
 64461 | Crypt:2  | Noticed Josephina
 64875 | Crypt:2  | Reached skill level 7 in Unarmed Combat
 64895 | Crypt:2  | Noticed Grunn
 65316 | Crypt:2  | Killed a royal mummy
 65560 | Crypt:2  | Killed Josephina
 65976 | Crypt:2  | Noticed a royal mummy
 66173 | Crypt:2  | Killed Grunn
 66419 | Crypt:2  | Killed a royal mummy
 66491 | Crypt:3  | Entered Level 3 of the Crypt
 66939 | Crypt:3  | Reached skill level 8 in Unarmed Combat
 67083 | Crypt:3  | Noticed Zenata
 67084 | Crypt:3  | Killed Zenata
 67789 | Crypt:3  | Found a staircase to the Tomb.
 68066 | Crypt:3  | Noticed Vv
 68067 | Crypt:3  | Killed Vv
 68089 | Crypt:3  | Identified the +1 sling "Giantslayer" {heavy, rPois rF+++
                  | Int+4 Dex-3}
 68122 | Crypt:3  | Reached skill level 9 in Unarmed Combat
 68210 | Crypt:3  | Identified the +1 leather armour of Qoory {rN+}
 68622 | Crypt:3  | Found a basalt altar of Yredelemnul.
 69250 | Crypt:3  | Reached XP level 25. HP: 168/168 MP: 27/27
 69320 | Crypt:3  | Reached skill level 10 in Unarmed Combat
 69324 | Crypt:3  | Identified the +8 long sword of Slow Death {speed, Fly
                  | rPois Will++ rCorr}
 69711 | Depths:1 | Entered Level 1 of the Depths
 69732 | Depths:1 | Found Iauxt's Incredible Inventory.
 69737 | Depths:1 | Found a one-way gate to the infinite horrors of the Abyss.
 69827 | Depths:1 | Found a white marble altar of Elyvilon.
 69869 | Depths:1 | Found a portal to a secret trove of treasure.
 70019 | Depths:1 | Noticed a caustic shrike
 70020 | Depths:1 | Identified the +5 pair of gloves of the Soldier {rElec
                  | Slay+3}
 70020 | Depths:1 | Noticed Nikola
 70028 | Depths:1 | Killed a caustic shrike
 70037 | Depths:1 | Killed Nikola
 70215 | Depths:1 | Reached skill level 11 in Unarmed Combat
 70221 | Depths:1 | Noticed Margery
 70255 | Depths:1 | Killed Margery
 70281 | Depths:1 | Found a gateway to Hell.
 70367 | Depths:1 | Found a one-way gate leading to the halls of Pandemonium.
 70757 | Depths:1 | Found Uvaheakh's Jewellery Emporium.
 70757 | Depths:1 | Found Ynlimm's Jewellery Emporium.
 70758 | Depths:1 | Found Fowoil's Book Boutique.
 70763 | Depths:1 | Bought a book of Cantrips for 240 gold pieces
 70765 | Depths:1 | Learned a level 1 spell: Apportation
 71192 | Depths:2 | Reached skill level 12 in Unarmed Combat
 71294 | Depths:2 | Found a hazy altar of Hepliaklqana.
 71710 | Depths:2 | Reached skill level 13 in Unarmed Combat
 71739 | Depths:2 | Found a runed translucent door.
 71774 | Depths:2 | Identified the +4 whip of the Moon {heavy, rN++ Dex+3}
 71824 | Depths:2 | Found a runed translucent door.
 71825 | Depths:2 | Noticed an ancient lich
 71865 | Depths:2 | Found a one-way gateway to a ziggurat.
 72091 | Depths:3 | Found a magical portal.
 72096 | WizLab   | Entered Maxwell's Workshop
 72321 | WizLab   | Identified the +1 short sword of Sirantiz {freeze, Int+4}
 72360 | WizLab   | Identified the +3 ring mail of the Wilderness {rC+}
 72424 | WizLab   | Found the +2 Maxwell's thermic engine {flame, freeze, rev}
 72427 | WizLab   | Identified the ring of Doyh {Ice rElec Int-4 Dex+4}
 73135 | Depths:3 | Reached XP level 26. HP: 174/174 MP: 27/27
 73287 | Depths:3 | Found a burning altar of Makhleb.
 73410 | Depths:3 | Noticed a juggernaut
 73419 | Depths:3 | Killed a juggernaut
 73452 | Depths:3 | Found a sacrificial altar of Ru.
 73466 | Depths:3 | Reached skill level 14 in Unarmed Combat
 73543 | Depths:3 | Found a broken altar of Ashenzari.
 74347 | Depths:3 | Found Duapt's Antique Armour Emporium.
 74348 | Depths:3 | Found Poustes's Antique Armour Shop.
 74351 | Depths:3 | Found Beuq's Antique Weapon Emporium.
 74359 | Depths:3 | Found Jeoc's Antique Weapon Boutique.
 74366 | Depths:3 | Identified the +2 ring mail of Inevitability {rPois rN+
                  | Will+}
 74389 | Depths:3 | Bought an iridescent dagger for 245 gold pieces
 74389 | Depths:3 | Identified the +7 dagger of Winter {elec, rPois Will+} (You
                  | bought it in a shop on level 3 of the Depths)
 74396 | Depths:3 | Bought a fine cloak for 418 gold pieces
 74396 | Depths:3 | Identified the +2 cloak "Ankif" {Rampage} (You bought it in
                  | a shop on level 3 of the Depths)
 74401 | Depths:3 | Bought a heavily runed scale mail for 243 gold pieces
 74401 | Depths:3 | Identified the +5 scale mail of Mysticism {-Tele rElec
                  | Dex+7} (You bought it in a shop on level 3 of the Depths)
 74594 | Depths:3 | Found a shadowy altar of Dithmenos.
 74752 | Depths:3 | Identified the "Syfiuc Xaawk" (You acquired it on level 3
                  | of the Depths)
 74752 | Depths:3 | Acquired the ring of Xuniginiom {rElec rC+ Int+3 SInv}
 74798 | Depths:4 | Entered Level 4 of the Depths
 74827 | Depths:4 | Reached skill level 15 in Unarmed Combat
 74877 | Depths:4 | Identified the +1 hand axe of the Demagogue {drain, rN+
                  | Dex+6 Stlth+}
 75316 | Depths:4 | Found a gate to the Realm of Zot.
 75615 | Depths:4 | Reached XP level 27. HP: 159/182 MP: 27/27
 75618 | Depths:4 | Reached skill level 16 in Unarmed Combat
 75852 | Depths:4 | Noticed a juggernaut
 75863 | Depths:4 | Killed a juggernaut
 76537 | Slime:1  | Entered Level 1 of the Pits of Slime
 76654 | Slime:3  | Reached skill level 17 in Unarmed Combat
 76693 | Slime:5  | Entered Level 5 of the Pits of Slime
 76999 | Slime:5  | Found a viscous altar of Jiyva.
 77139 | Slime:5  | Noticed the Royal Jelly
 77141 | Slime:5  | Killed the Royal Jelly
 77141 | Slime:5  | Reached skill level 18 in Unarmed Combat
 77257 | Slime:5  | Identified the ring of Elyvilon's Wrath {rPois Will+}
 77274 | Slime:5  | Identified the ring of Zalerph {Wiz Str+5}
 77275 | Slime:5  | Identified the +1 glaive of Departure {speed, *Rage rPois
                  | Will+ Str+4}
 77278 | Slime:5  | Identified the +6 plate armour "Fesamy" {MP+9}
 77295 | Slime:5  | Got a slimy rune of Zot
 77322 | Slime:5  | Identified the +0 plate armour of Tabloeck {Dex+5}
 77344 | Slime:5  | Identified the +3 rapier "Leakee" {heavy, rCorr Int+5
                  | Dex+2}
 77724 | Zot:1    | Entered Level 1 of the Realm of Zot
 77989 | Zot:1    | Found the +7 mace of Variability {chaos, chaos arc}
 78219 | Zot:1    | Reached skill level 19 in Unarmed Combat
 79141 | Zot:2    | Reached skill level 20 in Unarmed Combat
 80242 | Zot:3    | Noticed a Killer Klown
 80245 | Zot:3    | Killed a Killer Klown
 80284 | Zot:3    | Reached skill level 21 in Unarmed Combat
 81207 | Zot:4    | Reached skill level 22 in Unarmed Combat
 81540 | Zot:4    | Noticed an orb of fire
 81541 | Zot:4    | Killed an orb of fire
 82162 | Zot:4    | Noticed an orb of fire
 82163 | Zot:4    | Killed an orb of fire
 82170 | Zot:4    | Reached skill level 23 in Unarmed Combat
 82866 | Vaults:5 | Entered Level 5 of the Vaults
 82899 | Vaults:5 | Noticed a dread lich
 82900 | Vaults:5 | Killed a dread lich
 82946 | Vaults:5 | Reached skill level 24 in Unarmed Combat
 83063 | Vaults:5 | Identified the +11 short sword of Resourcefulness {protect,
                  | *Rage Will+++ Int+2 Stlth+}
 83450 | Vaults:5 | Identified the +5 dagger of Defiance {flame, *Slow rElec
                  | Int+5 Stlth+}
 83450 | Vaults:5 | Identified the ring of Cowardice {rElec rF+++ rC- rN++
                  | EV+5}
 83524 | Vaults:5 | Identified the +6 orcbow of Depiw {heavy, rPois Int+2}
 83586 | Vaults:5 | Reached skill level 25 in Unarmed Combat
 83630 | Vaults:5 | Identified the amulet of Recklessness {RegenMP rC+ Str+2}
 83966 | Vaults:5 | Got a silver rune of Zot
 84702 | Zot:5    | Entered Level 5 of the Realm of Zot
 84705 | Zot:5    | Found a transporter.
 84707 | Zot:5    | Found a transporter.
 84775 | Zot:5    | Reached skill level 26 in Unarmed Combat
 84915 | Zot:5    | Found a transporter.
 84918 | Zot:5    | Found a transporter.
 84948 | Zot:5    | Found a transporter.
 84951 | Zot:5    | Found a transporter.
 85042 | Zot:5    | Noticed a Killer Klown
 85048 | Zot:5    | Killed a Killer Klown
 85291 | Zot:5    | Noticed an ancient lich
 85299 | Zot:5    | Killed an ancient lich
 85310 | Zot:5    | Noticed an orb of fire
 85311 | Zot:5    | Killed an orb of fire
 85314 | Zot:5    | Noticed an ancient lich
 85317 | Zot:5    | Noticed a dread lich
 85320 | Zot:5    | Killed an ancient lich
 85322 | Zot:5    | Noticed an ancient lich
 85322 | Zot:5    | Killed a dread lich
 85324 | Zot:5    | Noticed a dread lich
 85324 | Zot:5    | Noticed an ancient lich
 85327 | Zot:5    | Noticed a Killer Klown
 85327 | Zot:5    | Killed a dread lich
 85327 | Zot:5    | Killed an ancient lich
 85327 | Zot:5    | Reached skill level 27 in Unarmed Combat
 85329 | Zot:5    | Killed an ancient lich
 85330 | Zot:5    | Reached skill level 10 in Shields
 85334 | Zot:5    | Killed a Killer Klown
 85381 | Zot:5    | Noticed an ancient lich
 85387 | Zot:5    | Noticed an orb of fire
 85388 | Zot:5    | Killed an ancient lich
 85389 | Zot:5    | Noticed an ancient lich
 85389 | Zot:5    | Noticed a Killer Klown
 85390 | Zot:5    | Killed an orb of fire
 85392 | Zot:5    | Killed an ancient lich
 85398 | Zot:5    | Killed a Killer Klown
 85431 | Zot:5    | Noticed an orb of fire
 85434 | Zot:5    | Killed an orb of fire
 85538 | Zot:5    | Got the Orb of Zot
 86141 | D:$      | Escaped with the Orb!

Illustrated notes

Levels and vault maps discovered:
D:1:      onia_arrival_pyramid, layout_rooms, minmay_misc_feat_ornament
D:2:      layout_rooms
D:3:      layout_basic
D:4:      layout_rooms, nemelex_spade_bored_becter,
          mainiacjoe_overflow_chevrons, minmay_temple_entry_poolview,
          serial_shops, nicolae_shop_waterfront, shop, serial_rivers,
          chequers_serial_rivers_small_a, chequers_serial_rivers_small_3,
          chequers_serial_rivers_micro_c, chequers_serial_rivers_micro_a,
          chequers_serial_rivers_room_a, chequers_serial_rivers_small_a,
          uniq_crazy_yiuf_cottage
D:5:      layout_loops_ring, general_overflow_altar,
          nicolae_gozag_cash_rules_everything_around_me,
          gammafunk_ghost_gnarly_gnolls
D:6:      cheibrodos_steamvent, layout_loops_cross, serial_shops, shop,
          enter_ossuary_4
D:7:      minmay_s_stair_smasher, layout_cave_pods, xom_teletrap_fun, trog_book,
          gammafunk_temple_overflow_claw, kennysheep_generic_room_9,
          uniq_duvessa
D:8:      layout_rooms, grunt_qazlal_clouds, mainiacjoe_overflow_cross_hatched,
          hellmonk_lair_entry_icy, enter_bailey_5, dreamdust_gnoll_shepherd,
          uniq_joseph
D:9:      nicolae_cairo_tiling, layout_cave_pools, nicolae_vehumet_radiance,
          lemuel_doored_altar, ebering_ghost_disaster_area
D:10:     minmay_imperfect_grid, layout_basic, mainiacjoe_overflow_brackets,
          nicolae_kikubaaqudgha_miasma_corner, fedhas_altar_4, serial_shops,
          shop, ebering_ghost_xom, lemuel_flame_loot_1, uniq_erolcha,
          uniq_erica, uniq_lodul
D:11:     layout_basic, serial_corexii_hall, corexii_hall_statues_s,
          corexii_hall_statues_x, chequers_hall_statues_y,
          portal_ice_cave_entry_pillars_2, nicolae_shop_i_like_big_books,
          hangedman_abyss_or_decor_stabs, uniq_fannar
D:12:     layout_basic, uniq_snorg
D:13:     layout_stronghold, hellmonk_vaults_keyhole
D:14:     layout_loops_corners, dreamdust_princess_bridge, serial_shops, shop,
          gammafunk_ghost_split, the_hattery
D:15:     grunt_enter_depths_snipers, layout_irregular_city,
          palyth_stone_intersect
Temple:   nicolae_temple_two_arcs
Lair:1:   layout_gridlike, chequers_serial_rivers_small_3, lemuel_fruit_tree
Lair:2:   layout_regular_city, dummy_spider_entry, serial_forest,
          infiniplex_forest_straight_2, infiniplex_forest_straight_3,
          infiniplex_forest_lined_2, infiniplex_forest_clump_small,
          infiniplex_forest_corner_2, infiniplex_forest_straight_2,
          infiniplex_forest_straight_5, serial_bayou_shore_a
Lair:3:   layout_regular_city, alex1729_swamp_entry_worm_eleionoma
Lair:4:   layout_layer_cave, grunt_megastairs_4
Lair:5:   hangedman_lair_tendril_chambers, layout_cave_shapes, slime_entry_1,
          minmay_shattered_shrine
Swamp:1:  layout_basic_swamp, nicolae_swamp_trees_clearing, swamp_pool_1_2
Swamp:2:  layout_falls_marsh, infiniplex_staircase_pool_2, swamp_pool_1_2,
          nicolae_swamp_bean_lake
Swamp:3:  layout_basic_swamp, evilmike_swamp_ruin_wall
Swamp:4:  byrel_swamp_growth_death_and_undeath, layout_basic_swamp
Spider:1: layout_cave_pods
Spider:2: layout_spider_delve
Spider:3: layout_cave_pods
Spider:4: spider_rune_water, nicolae_spider_twisty_arc_passages
Slime:1:  nicolae_slime_infinislime, layout_caves
Slime:2:  layout_caves, cheibrodos_slime_lost_civilization_5
Slime:3:  layout_caves
Slime:4:  layout_caves
Slime:5:  slime_pit_nicolae_jellycorners
Orc:1:    layout_diamond_mine
Orc:2:    grunt_orc_tribal_feast, layout_caves, serial_shops, shop
Elf:1:    nicolae_elf_arrival_dilemma, layout_geoelf_diagonals,
          hangedman_elf_represent, abandoned_shop, grunt_megastairs_2
Elf:2:    elven_hall_of_blades_hangedman_original [nicolae_blade_tridents],
          layout_geoelf_diagonals, portal_desolation_entry_nicolae_slug,
          nicolae_elf_big_sculpture_3
Elf:3:    minmay_elf_hall_statues, layout_geoelf_diagonals, drop_trap,
          due_unseen_surprise, minmay_shop_star
Vaults:1: nicolae_vaults_double_plus_3, nicolae_vaults_shipping_containers_2,
          vaults_dpeg_encased_lava, v_misc_32, v_pattern_1,
          layout_vaults_omnigrid, uniq_saint_roka, uniq_norris, uniq_donald
Vaults:2: nicolae_vaults_sightless_eye, nicolae_vaults_offset_grid_hallway_4,
          minmay_crypt_entry_simple_round, nicolae_vaults_house_3, v_rooms_4,
          vaults_mumra_minichess, nicolae_vaults_closet_pinwheel_1, st_lattice,
          nicolae_vaults_trapezoid_lopsided_1, ontoclasm_vaults_ring_square,
          layout_vaults_omnicross, uniq_bai_suzhen, uniq_asterion,
          uniq_frederick
Vaults:3: nicolae_vaults_more_shelving_2, hangedman_vaults_stretched_pinwheel,
          nicolae_vaults_lightning_bolt, hangedman_vaults_unwind,
          vaults_room_hallway, v_misc_13, st_lines, vaults_dpeg_hooks,
          nicolae_vaults_variable_pillar_hall_cross, v_misc_5,
          layout_vaults_omnibox, serial_shops, nicolae_shop_trees
Vaults:4: vaults_room_fours, hangedman_vaults_variations, v_alt_pattern_4,
          hangedman_vaults_snaps, ontoclasm_vaults_bender,
          nicolae_vaults_tetromino_T_1, nicolae_vaults_little_ls,
          hangedman_vaults_corner_blocks, vaults_room_pools,
          nicolae_vaults_network_s, nicolae_vaults_sesquioval_fish,
          nicolae_vaults_hexular_roomagon, nicolae_vaults_network_star,
          ontoclasm_vaults_gateway, v_misc_17, layout_vaults_maze_bifur
Vaults:5: serial_shops
Crypt:1:  layout_misc_corridors, nicolae_danse_macabre,
          grunt_crypt_arrival_split, uniq_xtahua
Crypt:2:  ragdoll_tomb_raider, layout_rooms, weyrava_lich_vault, uniq_grunn,
          uniq_josephina
Crypt:3:  evilmike_haunted_forest, uniq_vv, uniq_zenata
Depths:1: layout_basic, pan_entry, enter_trove_1, grunt_metal_band,
          nicolae_elyvilon_peaceful_grove, abyss_entry, nicolae_alphabet_shops,
          hangedman_decor_lopped, item_on_display_a, kennysheep_random_hallway,
          minmay_shop_grove, uniq_nikola
Depths:2: cheibrodos_witchhunters_guild, layout_cave_pools, enter_ziggurat_f,
          nicolae_hepliaklqana_hippocampus, rand_demon_pan_entry_9, hell_entry
Depths:3: hangedman_box_tower, layout_basic, hangedman_abyss_entry_splay,
          roderic_roman_lattice, mu_enter_wizlab_3, hell_entry,
          infiniplex_staircase_x, serial_bayou_shore_b
Depths:4: grunt_x_marks_the_spot, layout_basic, grunt_hell_entry_dis_old
Zot:1:    kennysheep_blocky_hall, layout_basic
Zot:2:    layout_concentric_octagons, regret_index_zotdec_carving_tricks
Zot:3:    layout_onion, grunt_megastairs_5
Zot:4:    layout_gridlike, nzn_random_ring
Zot:5:    layout_concentric_octagons, serial_nicolae_subway,
          nicolae_sub_station_stone, nicolae_sub_station_metal,
          nicolae_sub_station_crystal

Skill      XL: |  1  2  3  4  5  6  7  8  9 10 11 12 13 14 15 16 17 18 19 20 21 22 23 24 25 26 27 |
---------------+----------------------------------------------------------------------------------+-----
Stealth        | 1 2 3 4 5 6 7 9 11 13 14 | 14.4
Dodging        | 1 2 3 4 5 7 8 9 11 13 15 17 18 19 20 21 22 | 22.4
Short Blades   | 5 6 7 9 11 13 | 13.3
Fighting       | 4 5 6 7 8 11 13 15 17 18 19 20 21 22 | 22.2
Hexes          | 4 8 9 10 11 12 13 | 13.3
Shields        | 4 5 8 9 11 | 11.4
Armour         | 1 3 |  3.3
Shapeshifting  | 1 5 11 15 17 19 21 23 24 | 24.4
Unarmed Combat | 6 9 13 15 27 | 27.0
Spellcasting   | 3 |  3.3
Translocations | 1 5 |  5.5
Fire Magic     | |  3.0

Action                     |  1- 3 |  4- 6 |  7- 9 | 10-12 | 13-15 | 16-18 | 19-21 | 22-24 | 25-27 || total
---------------------------+-------+-------+-------+-------+-------+-------+-------+-------+-------++-------
  Melee: Short sword       |    67 |    51 |       |       |       |       |       |   409 |    16 ||   543
         Punch             |     1 |     1 |     6 |    22 |    12 |       |     3 |     2 |       ||    47
         Dagger            |     5 |   225 |   395 |  1151 |  1617 |  1390 |  2079 |  2156 |  2010 || 11028
         Unarmed           |       |       |       |       |       |       |   128 |    28 |  1684 ||  1840
         Tailslap          |       |       |       |       |       |       |    23 |     8 |       ||    31
         Bite              |       |       |       |       |       |       |    16 |     2 |       ||    18
  Throw: Dart              |       |     1 |     9 |    60 |     8 |       |       |     3 |     2 ||    83
         Throwing net      |       |     1 |     3 |     2 |       |     2 |     1 |     3 |       ||    12
         Boomerang         |       |       |     1 |    10 |       |       |       |       |       ||    11
   Cast: Confusing Touch   |       |       |       |    35 |   178 |    46 |   104 |   189 |   188 ||   740
         Blink             |       |       |       |       |       |       |       |     1 |       ||     1
 Invoke: Fiery Armour      |     2 |     6 |     3 |     1 |       |       |       |       |       ||    12
         Serpent's Lash    |       |       |       |       |       |       |    37 |    24 |    33 ||    94
         Heavenly Storm    |       |       |       |       |       |       |     1 |       |     4 ||     5
Ability: Lunge             |       |       |       |       |       |    52 |   193 |   235 |   347 ||   827
         Whirlwind         |       |       |       |       |       |   182 |   760 |   747 |  1514 ||  3203
         Wall Jump         |       |       |       |       |       |     6 |    41 |    38 |    28 ||   113
         Begin Untransform |       |       |       |       |       |       |     2 |       |     1 ||     3
         Breathe Fire      |       |       |       |       |       |       |       |     3 |       ||     3
         Siphon Essence    |       |       |       |       |       |       |       |       |     1 ||     1
  Evoke: Wand              |       |       |     6 |    36 |    19 |     9 |    67 |    13 |     7 ||   157
         Phantom mirror    |       |       |       |     2 |     2 |       |     2 |       |       ||     6
    Use: Scroll            |       |       |     4 |    14 |    14 |     6 |    23 |    15 |    18 ||    94
         Potion            |       |       |     1 |     9 |     5 |    11 |    20 |     4 |     1 ||    51
   Stab: Sleeping          |     5 |    17 |    31 |    56 |    76 |    77 |   144 |   194 |   193 ||   793
         Distracted        |       |     4 |       |     3 |     4 |     3 |    15 |    11 |    16 ||    56
         Held in net/web   |       |       |     1 |     1 |       |       |       |     8 |       ||    10
         Confused          |       |       |       |    24 |   163 |    63 |   115 |   257 |   318 ||   940
         Invisible         |       |       |       |       |       |       |    16 |       |       ||    16
 Armour: Robe              |    25 |   101 |    78 |       |       |       |       |       |       ||   204
         Leather armour    |       |       |    24 |   307 |   235 |    96 |   223 |   380 |   501 ||  1766
         Chain mail        |       |       |       |       |       |   414 |   149 |       |       ||   563
         Swamp dragon scal |       |       |       |       |       |       |    54 |       |       ||    54
         Skin              |       |       |       |       |       |       |    46 |    17 |       ||    63
         Scale mail        |       |       |       |       |       |       |       |       |    83 ||    83
  Dodge: Dodged            |    30 |   122 |   130 |   689 |   774 |   735 |   888 |   945 |  1320 ||  5633
  Block: Buckler           |       |       |       |       |   103 |       |       |       |       ||   103
         Kite shield       |       |       |       |       |    12 |   701 |   481 |   517 |   375 ||  2086
   Form: Dragon            |       |       |       |       |       |       |     2 |     2 |       ||     4
         Death             |       |       |       |       |       |       |       |     3 |     2 ||     5
         Storm             |       |       |       |       |       |       |       |     1 |       ||     1
         Statue            |       |       |       |       |       |       |       |       |     1 ||     1

Table legend: (Time is in decaauts)
 A = Elapsed time spent in this place.
 B = Non-inter-level travel time spent in this place.
 C = Inter-level travel time spent in this place.
 D = Time resting spent in this place.
 E = Time spent auto-exploring this place.
 F = Levels seen in this place.
 G = Mean time per level.
                   A        B        C        D        E       F      G
               +--------+--------+--------+--------+--------+-----+--------+
         Total |  83887 |  78116 |   5771 |  11761 |  40778 |  61 | 1375.2 |
       Dungeon |  20675 |  18172 |   2503 |   2584 |  11054 |  15 | 1378.3 |
        Temple |     23 |     13 |     10 |      0 |      0 |   1 |   23.0 |
          Lair |   8560 |   8040 |    520 |    634 |   5746 |   5 | 1712.0 |
         Swamp |   4674 |   4503 |    171 |    432 |   2648 |   4 | 1168.5 |
   Spider Nest |   4840 |   4542 |    298 |    397 |   2570 |   4 | 1210.0 |
    Slime Pits |    871 |    871 |      0 |     75 |      0 |   5 |  174.2 |
  Orcish Mines |   3031 |   2636 |    395 |    236 |   1098 |   2 | 1515.5 |
   Elven Halls |   6401 |   6182 |    219 |   2146 |   2011 |   3 | 2133.7 |
        Vaults |  10196 |   9694 |    502 |   1637 |   5320 |   5 | 2039.2 |
         Crypt |   7562 |   7263 |    299 |   2324 |   2807 |   3 | 2520.7 |
        Depths |   6237 |   5787 |    450 |    225 |   3248 |   4 | 1559.2 |
           Zot |   5985 |   5587 |    398 |    125 |   3826 |   5 | 1197.0 |
       Ossuary |    798 |    798 |      0 |    122 |     64 |   1 |  798.0 |
        Bailey |   1551 |   1551 |      0 |    396 |    160 |   1 | 1551.0 |
      Ice Cave |   1080 |   1080 |      0 |    374 |      8 |   1 | 1080.0 |
        Wizlab |    461 |    461 |      0 |     20 |     50 |   1 |  461.0 |
    Desolation |    935 |    935 |      0 |     32 |    166 |   1 |  935.0 |
               +--------+--------+--------+--------+--------+-----+--------+

Top non-repeatable levels by time:
Vaults:2: 3032 daAuts
 Crypt:3: 2781 daAuts
 Crypt:2: 2605 daAuts
  Lair:5: 2560 daAuts
   Elf:2: 2559 daAuts
Vaults:1: 2323 daAuts
   Elf:3: 2281 daAuts
    D:10: 2260 daAuts
Depths:3: 2237 daAuts
 Crypt:1: 2174 daAuts
Vaults:4: 2109 daAuts
     D:7: 2064 daAuts
    D:13: 1964 daAuts
   Orc:2: 1917 daAuts
  Lair:2: 1633 daAuts
